 Seeded DCSS version 0.30-a0-881-g1ff12e1e11 (webtiles) character file.

Game seed: 14947281242041613520 (custom seed)

41 Parcival the Chopper (level 3, -2/30 HPs)
             Began as a Minotaur Gladiator on Mar 14, 2023.
             Slain by a gnoll
             ... wielding a +0 halberd
              (10 damage)
             ... on level 2 of the Dungeon.
             The game lasted 00:03:02 (1136 turns).

Parcival the Chopper (Minotaur Gladiator)           Turns: 1136, Time: 00:03:03

Health: -2/30      AC:  3    Str: 20    XL:     3   Next: 32%
Magic:  2/2        EV: 12    Int:  5    God:
Gold:   109        SH:  0    Dex: 11    Spells: 2/2 levels left

rFire   . . .      SeeInvis .    i - +2 mace (holy)
rCold   . . .      Faith    .    (no shield)
rNeg    . . .      Spirit   .    b - +0 leather armour
rPois   .          Reflect  .    c - +0 hat
rElec   .          Rampage  .    (no cloak)
rCorr   .                        (no gloves)
Will    .....                    (no boots)
Stlth   +                        (no amulet)
HPRegen 0.25/turn                (no ring)
MPRegen 0.08/turn                (no ring)

@: no status effects
A: horns 2, retaliatory headbutt
a: no special abilities


You were on level 2 of the Dungeon.
You visited 1 branch of the dungeon, and saw 2 of its levels.

You collected 109 gold pieces.

Inventory:

Hand Weapons
 a - a +0 war axe
 f - a +0 short sword of electrocution
 i - a +2 mace of holy wrath (weapon)
Missiles
 d - 3 throwing nets (quivered)
 e - a javelin
Armour
 b - a +0 leather armour (worn)
 c - a +0 hat (worn)
Scrolls
 g - 2 scrolls of teleportation
 h - 4 scrolls of identify
 j - a scroll of enchant armour {unknown}
Potions
 k - a potion of curing
 l - a potion of heal wounds {unknown}


   Skills:
 + Level 2.7 Fighting
 + Level 4.1(4.2) Axes
 + Level 1.2(2.9) Maces & Flails
 + Level 2.1 Throwing
 + Level 1.2 Armour
 + Level 3.7 Dodging


You had 2 spell levels left.
You didn't know any spells.
Your spell library contained the following spells:

 Spells                   Type           Power      Damage    Failure   Level
 Beastly Appendage        Tmut           0%         N/A       54%         1
 Wereblood                Tmut           0%         N/A       67%         2
 Spider Form              Tmut/Pois      0%         N/A       88%         3


Dungeon Overview and Level Annotations

Branches:
Dungeon (2/15)

Altars:

Annotations:
D:2 1 runed translucent door, Crazy Yiuf


Innate Abilities, Weirdness & Mutations

You have a pair of horns on your head.
You reflexively headbutt those who attack you in melee.


Message History

Found a robe.
A rat comes into view.
The rat moves out of view.
A rat is nearby!
You sock the plant!
The plant begins to die.
You headbutt the plant!
The plant is lightly damaged.
You hit the plant.
The plant is lightly damaged.
You hit the plant. You headbutt the plant!
The plant is moderately damaged.
The rat closely misses you. You furiously retaliate!
You headbutt the rat, but do no damage. You hit the plant.
The plant is moderately damaged.
A nearby plant withers and dies.
The rat bites you but does no damage. The rat completely misses you.
The rat closely misses you. You furiously retaliate!
You headbutt the rat.
You kill the rat!
You now have 109 gold pieces (gained 5).
You see here a worm corpse.
You open the door.
A gnoll comes into view. It is wielding a +0 whip.
The gnoll shouts!
You hear a shout!
A gnoll comes into view. It is wielding a +0 halberd.
Found 10 gold pieces.
The gnoll barely misses you.
You thump the gnoll!
You headbutt the gnoll, but do no damage.
The gnoll is severely wounded.
The gnoll barely misses you. The gnoll hits you with a +0 whip.
You hit the gnoll but do no damage. Your headbutt misses the gnoll.
The gnoll is heavily wounded.
The gnoll closely misses you. The gnoll hits you with a +0 whip!
You closely miss the gnoll.
The gnoll is heavily wounded.
The gnoll hits you from afar with a +0 halberd.
The gnoll closely misses you. The gnoll hits you with a +0 whip!
* * * LOW HITPOINT WARNING * * *
The gnoll hits you with a +0 halberd!
You die...

#...§♣.†♣§♣..♣....P♣..♣♣♣..♣♣♣).
#.....§.~§§.♣....♣..P.♣..♣.....)
#....§[♣.♣♣.♣.♣..♣P♣..♣.♣P♣♣.♣♣♣
#.........♣.♣.♣.♣♣♣..♣♣.P.8.♣.♣.
#........♣..♣.♣♣....P.♣......PP.
#######.♣♣.♣....P♣.P♣...8.⌠.8(♣♣
#..♣.♣...♣♣..♣.............
♣...♣###.♣.♣.♣..♣♣P.P8...♣.
##.♣# ##g@...♣.P♣♣♣..♣♣♣.P
#..#+.$.'#.g♣....♣..♣....♣.
#.♣.##.##♣.P♣♣♣..♣P♣.♣♣)♣♣♣
##♣..P.# #.♣.♣♣♣♣§♣♣♣♣....♣.♣
#.♣.P.♣ ♣♣.♣♣.PP§..♣.P.♣♣♣...
#....♣♣♣♣.....§§.♣♣P...♣♣.♣..
#..............§.#####.......
#.....†.......##..##.........
#...........#........##......


You could see 2 gnolls.

Vanquished Creatures
  2 dart slugs (D:2)
  2 worms (D:2)
  3 endoplasms
  4 goblins
  3 kobolds
  6 quokkas
  4 bats (D:1)
  A frilled lizard (D:1)
  4 rats
29 creatures vanquished.

Vanquished Creatures (others)
  22 plants (D:2)
22 creatures vanquished.

Grand Total: 51 creatures vanquished

Notes
Turn   | Place    | Note
-------+----------+-------------------------------------------
     0 | D:1      | Parcival the Minotaur Gladiator began the quest for the
                  | Orb.
     0 | D:1      | Reached XP level 1. HP: 18/18 MP: 0/0
   219 | D:1      | Reached XP level 2. HP: 21/25 MP: 1/1
   251 | D:1      | Found a faded altar of an unknown god.
   251 | D:1      | Noticed a hellwing
   657 | D:2      | Reached skill level 4 in Axes
   823 | D:2      | Found a runed translucent door.
   824 | D:2      | Noticed Crazy Yiuf
   881 | D:2      | Reached XP level 3. HP: 7/30 MP: 2/2
   907 | D:2      | Reached skill level 1 in Armour
   988 | D:2      | Reached skill level 1 in Maces & Flails
  1136 | D:2      | Slain by a gnoll

Illustrated notes

Levels and vault maps discovered:
D:1:      pf_arrival_petrified_forest, layout_rooms,
          dreamdust_ecumenical_altar_sealed_demon
D:2:      wad_woods_tower, layout_rooms, uniq_crazy_yiuf_cottage

Skill      XL: |  1  2  3 |
---------------+----------+-----
Axes           | 4 |  4.1
Armour         | 1 |  1.2
Maces & Flails | 1 |  1.2
Fighting       | |  2.7
Throwing       | |  2.1
Dodging        | |  3.7

Action                     || total
---------------------------++-------
  Melee: War axe           ||     5
         Mace              ||    56
         Headbutt          ||     9
         Short sword       ||     2
         Punch             ||     1
    Use: Scroll            ||     4
 Armour: Leather armour    ||    31
  Dodge: Dodged            ||    41

Table legend: (Time is in decaauts)
 A = Elapsed time spent in this place.
 B = Non-inter-level travel time spent in this place.
 C = Inter-level travel time spent in this place.
 D = Time resting spent in this place.
 E = Time spent auto-exploring this place.
 F = Levels seen in this place.
 G = Mean time per level.
                   A        B        C        D        E       F      G
               +--------+--------+--------+--------+--------+-----+--------+
         Total |   1152 |   1092 |     60 |      0 |    797 |   2 |  576.0 |
       Dungeon |   1152 |   1092 |     60 |      0 |    797 |   2 |  576.0 |
               +--------+--------+--------+--------+--------+-----+--------+

Top non-repeatable levels by time:
     D:1: 587 daAuts
     D:2: 565 daAuts
